[Event "MCCT Oslo Esports Cup 2022"]
[Site "Oslo"]
[Date "2022.04.20"]
[Round "4.4"]
[White "Van Foreest, Jorden"]
[Black "Giri, Anish"]
[Result "1/2-1/2"]
[ECO "C65"]
[WhiteElo "2714"]
[BlackElo "2773"]
[Annotator "TA"]
[PlyCount "60"]
[EventDate "2022.04.14"]
[EventType "tourn"]
[EventCountry "NOR"]
[SourceTitle "playchess.com"]
[Source "ChessBase"]
[SourceQuality "1"]
[TimeControl "1500+10"]

1. e4 e5 2. Nf3 Nc6 3. Bb5 Nf6 4. d3 Bc5 5. Nbd2 Nd4 6. Nxd4 {[%emt 0:00:21] C65: Ruy Lopez: Berlin Defence (3...Nf6), unusual lines and 4 0-0 Bc5.} Bxd4 7. c3 Bb6 8. d4 c6 {[%emt 0:00:01] [#]} 9. dxe5 $1 cxb5 10. exf6 Qxf6 11. O-O O-O 12. Nf3 d6 {[%emt 0:00:28] Inhibits e5.} 13. Re1 Bg4 14. Be3 b4 15. Bxb6 axb6 {[%emt 0:00:02] [#]} 16. cxb4 $146 ({Predecessor:} 16. Qd4 Bxf3 17. Qxf6 gxf6 18. gxf3 bxc3 19. bxc3 Rfc8 20. Reb1 Rxc3 21. Rxb6 Rxf3 22. Rxb7 {½-½ (31) Nakamura,H (2754)-Aronian,L (2752) Zagreb 2019}) 16... Qxb2 17. Qd4 Rxa2 {[%emt 0:00:27] The position is equal.} 18. Rxa2 Qxa2 19. Nh4 Qe6 20. h3 Qe7 21. hxg4 Qxh4 $11 {[%emt 0:00:01][%mdl 4096] Endgame KQR-KQR} 22. Qd5 Qe7 23. Rd1 g6 24. f3 Rd8 25. e5 Re8 26. exd6 Qe3+ 27. Kh2 Qf4+ 28. Kg1 {[%emt 0:00:25] Threatens to win with d7.} Qe3+ 29. Kh2 {[%emt 0:00:04] Strongly threatening d7.} Qf4+ 30. Kg1 {[%emt 0:00:18] [#] Black must now prevent d7.} Qe3+ {[%emt 0:00:01] Weighted Error Value: White=0.03 (flawless) /Black=0.02 (flawless)} 1/2-1/2

[Event "MCCT Oslo Esports Cup 2022"]
[Site "Oslo"]
[Date "2022.04.20"]
[Round "4.5"]
[White "Mamedyarov, Shakhriyar"]
[Black "Duda, Jan-Krzysztof"]
[Result "0-1"]
[ECO "D78"]
[WhiteElo "2771"]
[BlackElo "2750"]
[Annotator "TA"]
[PlyCount "126"]
[EventDate "2022.04.14"]
[EventType "tourn"]
[EventCountry "NOR"]
[SourceTitle "playchess.com"]
[Source "ChessBase"]
[SourceQuality "1"]
[TimeControl "300+3"]

1. d4 Nf6 2. c4 g6 3. g3 c6 4. Nf3 d5 5. Qb3 Bg7 6. Bg2 O-O 7. O-O dxc4 8. Qxc4 Bf5 {[%emt 0:00:01] D78: Fianchetto Grünfeld: 6 0-0 c6.} 9. e3 Nbd7 {[%emt 0:00:02] [#]} 10. h3 $146 ({Predecessor:} 10. Qe2 Qc7 11. Nc3 e5 12. Nxe5 Nxe5 13. dxe5 Qxe5 14. e4 Be6 15. Rd1 Rfd8 16. Bf4 Qa5 17. Bd2 Qc5 18. Be3 Qa5 19. Bd2 Qc5 20. Be3 Qa5 {½-½ (20) Fridman,D (2661)-Smirin,I (2670) Porto Carras 2011}) 10... Rc8 {[%emt 0:00:26] The position is equal.} (10... Qc7 {is more complex.} 11. Ng5 Nb6 12. Qe2 Bxb1 13. Rxb1 e5) 11. Qe2 Re8 12. Rd1 Qb6 13. Nbd2 h6 (13... Bc2 $11 {remains equal.}) 14. e4 $16 {[%emt 0:00:08] [#] And now Nc4 would win.} Be6 15. b3 g5 16. Bb2 Nf8 17. Ne5 N6d7 18. Nec4 Qa6 19. Bf1 c5 (19... Rcd8 $16) 20. d5 $18 {[%emt 0:00:19] [#] Strongly threatening Bxg7.} Bxh3 21. Bxh3 $2 ({White has to play} 21. Bxg7 $18 Bxf1 22. Nxf1 (22. Rxf1 Kxg7 23. f4 Qg6 $11) 22... Kxg7 23. Nfe3) 21... Bxb2 $11 22. Rab1 Bg7 23. e5 (23. Nf3 $11) 23... Bxe5 $1 $15 24. Re1 (24. Ne4 $15) 24... Bg7 ({But not} 24... Qxa2 25. Nxe5 Nxe5 26. Bxc8 (26. Ra1 $2 Qxd2 27. Qxe5 Ra8 $19) 26... Qxd2 27. Qxe5 (27. Bxb7 Qxe2 28. Rxe2 Rb8 $16) 27... Rxc8 28. Rbd1 $18) 25. Ne4 Rcd8 26. a4 Qg6 27. Qf3 {[%emt 0:00:10] Inhibits f5.} Bd4 28. Kg2 (28. b4 $17 {was worth a try.}) 28... Nf6 29. Bf5 Qg7 30. d6 e6 31. Nxf6+ Qxf6 32. Be4 Qxf3+ 33. Bxf3 Rb8 34. Red1 b6 35. b4 Red8 36. b5 Nd7 37. Bc6 Kg7 38. Rb3 Nf6 39. a5 bxa5 40. Ra3 Ne8 41. d7 Nf6 42. Rxa5 Nxd7 43. Rxa7 Nb6 44. Nxb6 Rxb6 45. Re1 Kf6 46. Rh1 Rh8 47. Rd7 h5 48. g4 (48. f4 $17 {was called for.}) 48... h4 $19 49. Rh3 Be5 50. Rf3+ Bf4 51. Rc3 Rbb8 52. Kh3 Rhd8 53. Rxd8 Rxd8 {[%emt 0:00:00][%mdl 4096] Endgame KRB-KRB} 54. b6 Rd2 55. Kg2 Rb2 56. b7 Bd6 57. Ra3 (57. Kf1 $142) 57... c4 58. Rc3 Rb4 59. Kf3 (59. Re3 $142) 59... Rb3 60. Rxb3 cxb3 {[%emt 0:00:00] Black mates.} 61. Kg2 Ke5 62. Ba4 b2 63. Bc2 Kd4 {[%emt 0:00:01] What a bad dream for White.  Weighted Error Value: White=0.33/Black=0.12 (very precise)} 0-1

[Event "MCCT Oslo Esports Cup 2022"]
[Site "Oslo"]
[Date "2022.04.20"]
[Round "4.5"]
[White "Van Foreest, Jorden"]
[Black "Giri, Anish"]
[Result "1-0"]
[ECO "A30"]
[WhiteElo "2714"]
[BlackElo "2773"]
[Annotator "TA"]
[PlyCount "93"]
[EventDate "2022.04.14"]
[EventType "tourn"]
[EventCountry "NOR"]
[SourceTitle "playchess.com"]
[Source "ChessBase"]
[SourceQuality "1"]
[TimeControl "300+3"]

1. Nf3 c5 2. b3 Nf6 3. Bb2 e6 4. e3 Nc6 5. d4 cxd4 6. Nxd4 Nxd4 7. Qxd4 b6 8. Be2 Bb7 9. O-O Be7 10. c4 O-O 11. Nc3 Bc6 {[%emt 0:00:13] [#] A30: Symmetrical English: Double Fianchetto and Hedgehog.} 12. Rad1 $146 (12. Rfd1 {feels hotter.} Qb8 13. Nb5 a5 14. a4) ({Predecessor:} 12. Rfd1 Qb8 13. a3 Qb7 14. Bf1 a5 15. Rd2 Rfd8 16. Rad1 Bf8 17. Qh4 h6 18. Qg3 Qb8 19. Be2 Qxg3 20. hxg3 {½-½ (57) Badea,B (2492)-Barnaure,V (2416) Bucharest 2006}) 12... a6 13. a4 Qb8 {[%emt 0:00:10] The position is equal.} 14. Bf3 (14. Bd3 {seems wilder.} h6 15. Qh4 Qe5 16. Rc1) 14... Bxf3 15. gxf3 Qb7 16. Ne4 Rfd8 (16... d6 $5) 17. Qe5 ({Much weaker is} 17. Nxf6+ Bxf6 18. Qd2 Qxf3 $17) 17... Ne8 18. Kh1 f6 19. Qg3 d5 20. cxd5 Rxd5 21. Rg1 Rxd1 22. Rxd1 Rd8 (22... b5 $17 {White must now prevent ...bxa4.} 23. axb5 Qxb5) 23. Rxd8 $11 Bxd8 24. Kg2 (24. Qg1 $11) 24... Bc7 $15 25. Qh3 Qd5 26. b4 {[%emt 0:00:24] [#]} ({White should play} 26. Bd4 $1 $15) 26... h6 (26... f5 $1 $17 27. Ng3 Qc4) 27. Qg4 (27. b5 $11) 27... Kf7 28. Ng3 ({White should try} 28. b5 $1 $15) 28... Bxg3 (28... Qb3 $19 29. Qd4 Qxa4) 29. hxg3 $11 b5 30. axb5 axb5 31. Bd4 Nd6 32. Bc5 {[%emt 0:00:01] Threatens to win with Bxd6.} Nc4 33. e4 Qg5 34. Qh3 f5 35. exf5 exf5 36. Qh1 f4 37. Qd1 {[%emt 0:00:02] And now Qd7+ would win.} fxg3 38. Qd7+ $1 ({Don't go for} 38. fxg3 $2 {[#]} Qxc5 $3 39. Qd7+ Qe7 40. Qxb5 Qe6 $19) 38... Kg8 {[%emt 0:00:02] aiming for ...gxf2+.} 39. Qe6+ Kh7 {[%emt 0:00:02] Strongly threatening ...gxf2+.} 40. fxg3 Qd2+ 41. Kh3 Qd3 42. f4 Nd2 43. Qe3 $2 (43. Kh4 $11 {and White has nothing to worry.}) 43... Qd5 $2 ({Better is} 43... Qf1+ $19 44. Kg4 Qd1+ 45. Kf5 Nf1) 44. Qe2 Qe4 $2 45. Qxd2 $18 Qh1+ 46. Kg4 g6 (46... h5+ $18 47. Kg5 Qf3) 47. Qd7+ {[%emt 0:00:01] Weighted Error Value: White=0.44/Black=0.57} 1-0

[Event "MCCT Oslo Esports Cup 2022"]
[Site "Oslo"]
[Date "2022.04.20"]
[Round "4.6"]
[White "Giri, Anish"]
[Black "Van Foreest, Jorden"]
[Result "0-1"]
[ECO "E73"]
[WhiteElo "2773"]
[BlackElo "2714"]
[Annotator "TA"]
[PlyCount "54"]
[EventDate "2022.04.14"]
[EventType "tourn"]
[EventCountry "NOR"]
[SourceTitle "playchess.com"]
[Source "ChessBase"]
[SourceQuality "1"]
[TimeControl "300+3"]

1. c4 Nf6 2. Nc3 g6 3. e4 d6 4. d4 Bg7 5. Be2 O-O 6. Be3 c5 7. d5 e6 8. Nf3 {[%emt 0:00:01] E73: King's Indian: Averbakh Variation without 6...c5.} exd5 9. cxd5 Nbd7 10. Nd2 {[%emt 0:00:12] White is slightly better.} Ne5 11. h3 {[%emt 0:00:04] Inhibits Nfg4.} (11. Bg5 $5 ) 11... Ne8 12. O-O {[%emt 0:00:07] [#]} f5 $146 {[%emt 0:00:01] [#] White must now prevent ...f4.} ({Predecessor:} 12... Qh4 13. Nf3 {½-½ (13) Treppner,G (2340)-Pichler,J Pang 1983}) 13. f4 Nf7 14. exf5 gxf5 (14... Bxf5 $11 15. g4 Bd7) 15. a4 $14 Nf6 16. Bf3 a6 17. Bf2 Bd7 18. a5 b5 19. axb6 $1 Qxb6 20. Qc2 Rfe8 (20... Qb4 $142) 21. Rfe1 (21. Nc4 $16 Qb4 22. b3) 21... Qb4 22. g3 a5 23. Re6 Rab8 24. Rxe8+ Nxe8 25. Nd1 (25. Ra2 $5 ) 25... a4 (25... Bxb2 $2 26. Rb1 Ba4 27. Qxb2 $18) 26. Nc4 Nc7 27. Be1 $2 {[%emt 0:00:18][%mdl 8192] [#]} Qxe1+ {[%emt 0:00:03] Weighted Error Value: White=0.57/Black=0.17 (very precise)} 0-1

[Event "MCCT Oslo Esports Cup 2022"]
[Site "Oslo"]
[Date "2022.04.20"]
[Round "4.6"]
[White "Duda, Jan-Krzysztof"]
[Black "Mamedyarov, Shakhriyar"]
[Result "1-0"]
[ECO "E14"]
[WhiteElo "2750"]
[BlackElo "2771"]
[Annotator "TA"]
[PlyCount "45"]
[EventDate "2022.04.14"]
[EventType "tourn"]
[EventCountry "NOR"]
[SourceTitle "playchess.com"]
[Source "ChessBase"]
[SourceQuality "1"]
[TimeControl "300+3"]

1. d4 Nf6 2. c4 e6 3. Nf3 d5 4. Nc3 c6 5. e3 Nbd7 6. Qc2 b6 7. cxd5 exd5 8. Bd3 Bb7 9. O-O Be7 10. e4 dxe4 11. Nxe4 O-O 12. Nxf6+ $5 {[%emt 0:00:30][%mdl 4] An interesting side line. E14: Queen's Indian: Classical Variation (4 e3).} Nxf6 {[%emt 0:00:00] [#]} 13. Bg5 $5 $146 {[%emt 0:00:02][%mdl 8] An interesting novelty.} ({Predecessor:} 13. Bf4 c5 14. dxc5 Bxf3 {½-½ (14) Lopes,R (2159)-Meissner,R (2233) ICCF email 2011}) 13... h6 14. Bh4 {[%emt 0:00:01] The position is equal.} c5 15. dxc5 Bxf3 16. gxf3 {[%emt 0:00:00] Black must now prevent c6.} bxc5 ({Black should try} 16... Qd4 $1 $11 17. Bh7+ Kh8) 17. Rad1 $36 {[%emt 0:00:03][%mdl 2048] [#] And now Bxf6 would win. White has good play.} Qb6 18. Rfe1 Bd8 19. Bc4 {[%emt 0:00:08] &Bianco is more active.} Nh5 $2 {[%emt 0:00:10][%mdl 8192] [#]} (19... Nh7 $16 20. Bg3 Bf6) 20. Bxf7+ $1 $18 {[%emt 0:00:18][%mdl 512] White is clearly winning.} Kxf7 (20... Kh8 21. Bxd8) 21. Qc4+ Kg6 22. Re6+ Qxe6 (22... Nf6 $142 23. Rxb6 axb6 24. Qd3+ Kf7 25. Qc4+ Kg6 26. Qd3+ Kf7 27. Qb3+ Kg6 28. Qc2+ Kf7 29. Qc4+ Kg6) 23. Qxe6+ {[%emt 0:00:00] White took control after the opening.  Weighted Error Value: White=0.31/Black=1.00} 1-0

[Event "MCCT Oslo Esports Cup 2022"]
[Site "Oslo"]
[Date "2022.04.20"]
[Round "5.1"]
[White "Mamedyarov, Shakhriyar"]
[Black "Giri, Anish"]
[Result "0-1"]
[ECO "D02"]
[WhiteElo "2771"]
[BlackElo "2773"]
[Annotator "TA"]
[PlyCount "68"]
[EventDate "2022.04.14"]
[EventType "tourn"]
[EventCountry "NOR"]
[SourceTitle "playchess.com"]
[Source "ChessBase"]
[SourceQuality "1"]
[TimeControl "900+10"]

1. d4 Nf6 2. Nf3 g6 3. Nbd2 d5 4. e3 Bg7 5. c4 O-O 6. Be2 c5 7. dxc5 {[%emt 0:00:04] D02: 1 d4 d5 2 Nf3 sidelines, including 2...Nf6 3 g3 and 2...Nf6 3 Bf4.} Na6 8. c6 bxc6 9. O-O {[%emt 0:00:01] [#] Black is slightly better.} Qb6 $146 ({Predecessor:} 9... Qd6 10. a3 e5 11. b4 c5 12. bxc5 Nxc5 13. Bb2 e4 14. Nd4 Bd7 15. a4 Rfc8 {½-½ (61) Mirzoev,A (2541)-Biolek,R (2437) Ceske Budejovice 2017}) 10. cxd5 cxd5 11. Nb3 Nb4 12. Nbd4 (12. Bd2 $11) 12... Ne4 $17 13. Nd2 e5 (13... Bxd4 $6 14. exd4 Bf5 15. Nb3 $15) 14. Nc2 Nxc2 {[%emt 0:02:30] 0x0.001b374052eddp-1022s more active pieces. The white rooks are badly placed.} 15. Qxc2 Nc5 (15... Nd6 $17 16. Qd1 Rd8) 16. Nb3 (16. b4 $11 {keeps the balance.} Ne6 17. b5) 16... Na4 17. e4 Be6 18. exd5 Bxd5 19. Be3 Qb7 20. f3 {[%emt 0:01:06] Black continues to play with concentration.} (20. Rfc1 $15) 20... e4 21. Nd4 (21. fxe4 $17 Bxe4 22. Bf3 Bxf3 23. Rxf3) 21... Nxb2 $19 22. Rab1 Rab8 23. Nb3 (23. a4 $17 {was necessary.}) 23... Rfc8 (23... Bxb3 24. axb3 Rbc8 25. Bc4 $17 (25. Qxe4 $2 Qxb3 26. Bf2 Rce8 $19)) 24. Nc5 exf3 (24... Bxa2 $2 25. Rbc1 exf3 26. Bxf3 $19) 25. Bxf3 Bxf3 26. Rxf3 Qd5 {[%emt 0:00:03] [#] aiming for ...Bd4.} 27. Rc1 Rb4 {[%emt 0:01:16] And now ...Rc4 would win.} ({Wrong is} 27... Qxa2 $2 28. Qd2 $19) 28. Qe2 Rc4 ({Inferior is} 28... Qxa2 29. Qd2 Rbb8 30. Bg5 $17) 29. Rxc4 (29. Rcf1 {might work better.} R4xc5 30. Bxc5 Qxc5+ 31. Kh1) 29... Nxc4 {[%emt 0:00:01] Black is clearly winning.} ({And not} 29... Qxc4 30. Qxc4 Nxc4 31. Bf2 $17) 30. Bf2 Rxc5 31. Rd3 {[%emt 0:00:21] Prevents Nd2.} Qe5 32. Rd8+ Bf8 33. Qf3 (33. Qxe5 $142 Rxe5 34. Bxa7) 33... Rb5 34. g3 Nd6 {[%emt 0:00:17] Weighted Error Value: White=0.59/Black=0.25 (precise)} 0-1

[Event "MCCT Oslo Esports Cup 2022"]
[Site "Oslo"]
[Date "2022.04.20"]
[Round "5.1"]
[White "Van Foreest, Jorden"]
[Black "Carlsen, Magnus"]
[Result "1/2-1/2"]
[ECO "B12"]
[WhiteElo "2714"]
[BlackElo "2864"]
[Annotator "TA"]
[PlyCount "66"]
[EventDate "2022.04.14"]
[EventType "tourn"]
[EventCountry "NOR"]
[SourceTitle "playchess.com"]
[Source "ChessBase"]
[SourceQuality "1"]
[TimeControl "900+10"]

1. e4 c6 2. d4 d5 3. e5 Bf5 4. h4 h5 5. Bd3 Bxd3 6. Qxd3 {[%emt 0:00:00][%cal Oe5e6] B12: Caro-Kann: Advance Variation.} Qa5+ 7. b4 (7. c3 $11) 7... Qxb4+ $15 8. Nd2 {[%emt 0:00:03][%cal Oe5e6] Black has an edge.} e6 9. Rb1 Qe7 10. Ne2 Qc7 {[%emt 0:01:03] [#]} 11. O-O $146 ({Predecessor:} 11. c4 Ne7 12. O-O Nd7 13. Ba3 c5 14. Nf4 dxc4 15. Nxc4 Nc6 16. d5 Ncxe5 17. Nxe5 Nxe5 {½-½ (66) Martinez Alcantara,J (2615)-Tian,E (2411) New York 2022}) 11... Nd7 12. c4 dxc4 13. Nxc4 Nb6 14. Nc3 Nh6 15. Bg5 Nxc4 16. Qxc4 {[%emt 0:00:02][%cal Od4d5] And now d5! would win.} Qd7 {[%emt 0:00:16] Against d5} 17. Qb3 b6 18. Rfd1 Be7 19. Ne4 Nf5 20. Rbc1 Rd8 ({Don't do} 20... Nxd4 21. Qc4 c5 22. Bxe7 Kxe7 23. Nxc5 $1 $16) 21. Qf3 Bxg5 (21... Nxh4 $2 22. Bxh4 Bxh4 23. Nd6+ Kf8 24. Rxc6 $18) ({Don't play} 21... Nxd4 22. Rxd4 Qxd4 23. Nd6+ Rxd6 24. exd6 Qxd6 25. Rxc6 $11) 22. hxg5 Qd5 ({Black should try} 22... Nxd4 $17 23. Rxd4 Qxd4 24. Nd6+ Rxd6 25. exd6 Qxd6 26. Rxc6 Qd7) 23. Rxc6 O-O (23... Nxd4 $2 {[#]} 24. Rxd4 $1 Qxd4 25. Nd6+ Rxd6 26. Rxd6 Qa1+ 27. Rd1 Qxd1+ 28. Qxd1 $18) (23... Qxc6 $2 24. Nf6+ $1 gxf6 25. Qxc6+ Kf8 26. gxf6 $18) ({Black should play} 23... Nh4 $1 $17 24. Qf4 Qxc6 25. Qxh4 O-O) 24. Nd6 {[%emt 0:00:05] Threatens to win with Qxd5. The position is equal.} Qxf3 25. gxf3 {[%emt 0:00:01] Hoping for Nxf5.} Ne7 26. Rc7 Nd5 27. Rxa7 Kh7 28. g6+ ({Much worse is} 28. Rxf7 Rxf7 29. Nxf7 Rf8 $15) 28... fxg6 29. Nf7 Rde8 30. Ng5+ Kh6 $1 31. Nf7+ Kh7 32. Ng5+ Kh6 33. Nf7+ Kh7 {[%emt 0:00:01] Weighted Error Value: White=0.14 (very precise) /Black=0.15 (very precise)} 1/2-1/2

[Event "MCCT Oslo Esports Cup 2022"]
[Site "Oslo"]
[Date "2022.04.20"]
[Round "5.1"]
[White "Le, Quang Liem"]
[Black "Duda, Jan-Krzysztof"]
[Result "1-0"]
[ECO "D85"]
[WhiteElo "2709"]
[BlackElo "2750"]
[Annotator "TA"]
[PlyCount "71"]
[EventDate "2022.04.14"]
[EventType "tourn"]
[EventCountry "NOR"]
[SourceTitle "playchess.com"]
[Source "ChessBase"]
[SourceQuality "1"]
[TimeControl "900+10"]

1. d4 {[%emt 0:00:00] Tomashevsky,E} Nf6 2. c4 g6 3. Nc3 d5 4. cxd5 Nxd5 5. Bd2 Nb6 6. e3 {[%emt 0:00:03] D85: Exchange Grünfeld: Unusual White 7th moves and lines with 7 Nf3.} Bg7 7. f4 {[%emt 0:00:01] 7.h4 gains popularity.} c5 {[%emt 0:00:14] was the old line (7...0-0).} 8. dxc5 {[%emt 0:00:03] The position is equal.} N6d7 9. Ne4 Bxb2 10. Rb1 Bg7 {[%emt 0:00:01] [#]} 11. h4 $1 $146 {[%emt 0:00:05][%mdl 8] A top novelty.} ({Predecessor:} 11. Bc4 O-O 12. Nf3 Nf6 13. Neg5 e6 14. O-O h6 15. Nxf7 Rxf7 16. Ne5 Rf8 17. Nxg6 {½-½ (31) Tomashevsky,E (2701)-Radjabov,T (2726) Baku 2014 CBM 163 [Tomashevsky,E]}) 11... Nf6 {[%emt 0:05:26] Against h5} (11... f5 12. Ng5 Nxc5 13. Qc2 $14) 12. Nxf6+ exf6 13. h5 O-O $1 14. Nf3 Re8 15. Bc4 Nc6 16. Kf2 Qe7 17. Rb5 Nd8 (17... g5 $5 ) 18. hxg6 hxg6 19. Nd4 Bd7 20. Rb3 Rc8 21. Bb4 Nc6 22. Ba3 {[%emt 0:00:11] Threatens to win with Qd3.} Rcd8 (22... Qe4 $5 ) 23. Qb1 {[%emt 0:01:24] Strongly threatening Qxg6.} Nxd4 (23... Qe4 $14) 24. c6 $1 $16 {[%emt 0:00:03][%cal Bc5c6,Bc6d7][%mdl 96] Discovered Attack} Nxb3 $2 {[%emt 0:01:47] This costs Black the game.} (24... Bf5 $2 25. Bxe7 Rxe7 26. Rd3 $1 (26. cxb7 Rb8 $18) 26... Bxd3 27. Qxd3 $18) (24... Qe4 $16 25. cxd7 Rxd7) 25. Bxe7 $18 {[%emt 0:00:06] Really sharp!} Rxe7 26. cxd7 ({Less strong is} 26. Bxb3 Bxc6 27. Rd1 (27. Qxg6 Rd2+ 28. Ke1 Rxg2 $11) 27... Rxd1 28. Qxd1 Rd7 $16) 26... Nd2 {[%emt 0:00:02] [#]} 27. Qxg6 {[%emt 0:00:17][%cal Oh1h7] Rh7! would kill now.} ({Weaker is} 27. Qxb7 Rexd7 28. Qc6 f5 $14) 27... Kf8 28. Qc2 Ne4+ 29. Kf3 {[%emt 0:00:03] Bb5 is the strong threat.} Rdxd7 30. Rd1 {[%emt 0:00:46] Against Rd2} Nd6 {[%emt 0:00:16] [#] Prevents Bb5.} (30... Rxd1 31. Qxd1 Kg8) 31. Bb5 $1 {[%emt 0:00:47][%cal Od1d6][%mdl 512] White is clearly winning.} Rc7 32. Qa4 ({Inferior is} 32. Rxd6 Rxe3+ 33. Kxe3 Rxc2 $14) 32... Nxb5 33. Qxb5 {[%emt 0:00:21] White threatens Rd8+ and mate.} Re8 {[%emt 0:00:16] Prevents Rd8.} 34. Rd7 Rec8 35. Qd5 Rxd7 36. Qxd7 {[%emt 0:00:04] Weighted Error Value: White=0.07 (flawless) /Black=0.22 (precise)} 1-0

[Event "MCCT Oslo Esports Cup 2022"]
[Site "Oslo"]
[Date "2022.04.20"]
[Round "5.1"]
[White "Praggnanandhaa R"]
[Black "Hansen, Eric"]
[Result "1-0"]
[ECO "D11"]
[WhiteElo "2624"]
[BlackElo "2606"]
[Annotator "TA"]
[PlyCount "97"]
[EventDate "2022.04.14"]
[EventType "tourn"]
[EventCountry "NOR"]
[SourceTitle "playchess.com"]
[Source "ChessBase"]
[SourceQuality "1"]
[TimeControl "900+10"]

1. d4 d5 2. c4 c6 3. Nf3 Nf6 4. e3 Bg4 5. h3 Bh5 6. Nc3 e6 7. g4 Bg6 8. Ne5 {[%emt 0:00:00] Threatening h4. D11: Slav Defence: 3 Nf3 sidelines and 3...Nf6 4 e3 Bg4.} Nbd7 9. h4 {[%emt 0:00:05][%cal Bh3h4,Bh4h5][%mdl 32] [#]} Bb4 $146 (9... dxc4 $1 $11 10. Nxg6 hxg6) ({Predecessor:} 9... dxc4 10. Nxc4 h6 11. Bg2 Be7 12. O-O Nd5 13. h5 Bh7 14. e4 N5b6 15. Na5 Qc7 {½-½ (68) Niemann,H (2609)-Sanal,V (2561) Vrnjacka Banja 2021}) 10. Nxd7 $1 $16 {[%emt 0:04:09] White is better.} Qxd7 {[%emt 0:00:42] [#]} (10... Nxd7 $2 11. h5 $18) 11. h5 $1 Be4 12. f3 Qc7 {[%emt 0:00:53] ...Qg3+ is the strong threat.} 13. Rh3 {[%emt 0:00:49][%cal Bh1h3,Bh3f3,Bf3f4][%mdl 32] Prevents Qg3+. aiming for Bd2.} h6 14. fxe4 Nxe4 15. Bd2 {[%emt 0:01:57] And now Nxe4 would win.} Ng5 {[%emt 0:00:11] [#]} 16. Rf3 O-O (16... Qh2 17. Rf2) 17. Rf4 Bd6 18. c5 Be7 19. Qc2 b6 20. cxb6 axb6 21. O-O-O Bd6 22. Kb1 b5 23. Bd3 Qa7 {[%emt 0:00:09] [#]} 24. b3 $1 Rfc8 25. Bc1 Qe7 (25... Bb4 $142) 26. Rf2 $18 Bb4 27. e4 c5 (27... Nh3 $142) 28. Bxg5 Qxg5 29. Nxb5 c4 30. bxc4 dxc4 31. Bxc4 Qxg4 32. Rdf1 Ra5 33. Qd3 Rxc4 34. Qxc4 Qxe4+ 35. Rc2 Bf8 36. Nc3 Qg4 37. Rcf2 Ra7 38. Rb2 Qg3 {[%emt 0:00:17] Against Rb8} 39. Nb5 {[%emt 0:00:24] Prevents Rc7.} Rd7 40. Rc1 Be7 41. Qc8+ Rd8 42. Qc7 Qh4 43. Qh2 Qg4 44. Ka1 Bf6 45. Rg1 Qe4 46. Qg2 Qd3 47. Qf1 {[%emt 0:00:12] White wants to mate with Qxf6.} Qe3 (47... Bxd4 $142 48. Nxd4 (48. Qxd3 Bxb2+ 49. Kxb2 Rxd3 $18) 48... Qxd4) 48. Qf2 Bxd4 49. Nxd4 {[%emt 0:00:05] Weighted Error Value: White=0.17 (very precise) /Black=0.44} 1-0

[Event "MCCT Oslo Esports Cup 2022"]
[Site "Oslo"]
[Date "2022.04.20"]
[Round "5.2"]
[White "Carlsen, Magnus"]
[Black "Van Foreest, Jorden"]
[Result "0-1"]
[ECO "A22"]
[WhiteElo "2864"]
[BlackElo "2714"]
[Annotator "TA"]
[PlyCount "50"]
[EventDate "2022.04.14"]
[EventType "tourn"]
[EventCountry "NOR"]
[SourceTitle "playchess.com"]
[Source "ChessBase"]
[SourceQuality "1"]
[TimeControl "900+10"]

1. c4 e5 2. e3 Nf6 3. Nc3 d5 4. cxd5 Nxd5 5. Qh5 Nc6 6. Bb5 {[%emt 0:00:04] A22: English Opening: 1...e5 2 Nc3 Nf6.} Ndb4 (6... Qd6 $5 ) 7. Qxe5+ Be6 (7... Qe7 $14 8. Qxe7+ Bxe7) 8. Qe4 $16 {[%emt 0:00:18] White is better.} a6 9. Be2 Qd7 10. a3 f5 11. Qb1 Nd5 12. Nf3 O-O-O {[%emt 0:00:01] [#]} 13. b4 $146 (13. O-O $16) ({Predecessor:} 13. O-O Be7 14. b4 g5 15. b5 axb5 16. Bxb5 Qd6 17. Bxc6 Qxc6 18. Nd4 Qd7 19. Ncb5 {1-0 (28) Ivanisevic,I (2606)-Tomashevsky,E (2706) Chess.com INT 2021}) 13... g5 (13... Nxc3 $14 14. dxc3 Bc4) 14. O-O (14. Nxg5 $6 Nxc3 15. dxc3 Bc4 $1 $14) 14... g4 15. Ng5 Bg8 16. Bb2 Bg7 17. Na4 {[%emt 0:00:04] Hoping for Nc5.} Nf4 18. exf4 Bxb2 19. Nc5 (19. Nxb2 $6 h6 20. Bxg4 fxg4 $11) 19... Qxd2 {[%emt 0:00:06] [#] White must now prevent ...Nd4.} 20. Ra2 $2 {[%emt 0:00:11][%mdl 8192] Now White is beyond hope.} Bxa2 $19 {[%emt 0:00:12] Active counter play! A strong pair of Bishops. Black is clearly winning.} 21. Qxf5+ Kb8 22. Bxa6 Nd4 23. Qxg4 bxa6 24. Nxa6+ Ka7 {[%emt 0:00:09] aiming for ...Ne2+.} 25. Nxc7 Qe2 {[%emt 0:00:04] Weighted Error Value: White=0.95/Black=0.10 (very precise)} 0-1